 Dungeon Crawl Stone Soup version 0.26-a0-652-gafc20e3620 (webtiles) character file.

Game seed: 16683976821142932841

42 zazu2006 the Magician (level 3, -1/28 HPs)
             Began as a Naga Hedge Wizard on Oct 3, 2020.
             Slain by a worker ant zombie (3 damage)
             ... on level 2 of the Dungeon.
             The game lasted 00:03:21 (2068 turns).

zazu2006 the Magician (Naga Hedge Wizard)           Turns: 2068, Time: 00:03:23

Health: -1/28      AC:  2    Str: 12    XL:     3   Next: 56%
Magic:  0/8        EV: 10    Int: 15    God:
Gold:   130        SH:  0    Dex: 10    Spells: 0/9 levels left

rFire    . . .     SeeInvis +   g - +1 dagger (venom)
rCold    . . .     Faith    .   (no shield)
rNeg     . . .     Spirit   .   b - +0 robe
rPois    +         Reflect  .   c - +0 hat
rElec    .         Harm     .   (no cloak)
rCorr    .         Rampage  .   (no gloves)
MR       .....                  (no barding)
Stlth    ++........             (no amulet)
HPRegen  0.09/turn              (no ring)
MPRegen  0.11/turn              (no ring)

@: very slightly contaminated, very slow
A: large, see invisible, deformed body, poison resistance, slowness 2, spit
poison 1, AC +1
a: Spit Poison


You were on level 2 of the Dungeon.
You visited 1 branch of the dungeon, and saw 2 of its levels.

You collected 130 gold pieces.

Inventory:

Hand Weapons
 g - a +1 dagger of venom (weapon)
Armour
 b - a +0 robe (worn)
 c - a +0 hat (worn)
Scrolls
 a - 2 scrolls of remove curse {unknown}
 d - a scroll of noise {unknown}
 e - 5 scrolls of identify {unknown}
 f - 2 scrolls of fear {unknown}
 l - a scroll of enchant armour {unknown}
Potions
 h - 2 potions of magic {unknown}
 i - a potion of degeneration {unknown}
 j - a potion of might {unknown}
 k - a potion of ambrosia {unknown}
 m - a potion of heal wounds
 n - a potion of brilliance {unknown}


   Skills:
 + Level 1.6 Dodging
 + Level 3.5 Stealth
 + Level 3.8 Spellcasting
 + Level 1.4 Conjurations
   Level 1.0 Summonings
 + Level 1.0 Translocations
 * Level 0.6 Poison Magic


You couldn't memorise any spells.
You knew the following spells:

 Your Spells              Type           Power        Failure   Level
a - Magic Dart            Conj           #...         11%         1
b - Mephitic Cloud        Conj/Pois/Air  #.......     38%         3
c - Conjure Flame         Conj/Fire      #.......     38%         3
d - Blink                 Tloc           N/A          19%         2

Your spell library contained the following spells:

 Spells                   Type           Power        Failure   Level
 Foxfire                  Conj/Fire      #...         14%         1
 Call Imp                 Summ           #.......     19%         2
 Slow                     Hex            #.......     28%         2
 Cause Fear               Hex            #.........   88%         4
 Dragon Form              Tmut           #.........   100%        7
 Dragon's Call            Summ           #.........   100%        9


Dungeon Overview and Level Annotations

Branches:
Dungeon (2/15)

Altars:


Innate Abilities, Weirdness & Mutations

You cannot wear boots.
Your serpentine skin is tough. (AC +1)
You have supernaturally acute eyesight. (SInv)
Armour fits poorly on your strangely shaped body.
Your system is resistant to poisons. (rPois)
You cover ground very slowly.
You can spit poison.


Message History

The worker ant zombie bites you.
* * * LOW HITPOINT WARNING * * *
Casting: Magic Dart (safe; 11% risk of failure)
Confirm with . or Enter, or press ? or * to list all spells.
Aiming: Magic Dart (safe; 11% risk of failure)
Press: ? - help, Shift-Dir - straight line, f/p - worker ant zombie
Aim: a worker ant zombie (almost destroyed)
The magic dart hits the worker ant zombie but does no damage.
The worker ant zombie is almost destroyed.
The worker ant zombie bites you.
* * * LOW HITPOINT WARNING * * *
Casting: Magic Dart (safe; 11% risk of failure)
Confirm with . or Enter, or press ? or * to list all spells.
Aiming: Magic Dart (safe; 11% risk of failure)
Press: ? - help, Shift-Dir - straight line, f/p - worker ant zombie
Aim: a worker ant zombie (almost destroyed)
The magic dart hits the worker ant zombie.
The worker ant zombie is almost destroyed.
The worker ant zombie bites you.
You die...

#<################# #####
#...............#.######.#
###############.#........#
### #.#.######.# # ..#
#.#.# #.# #. #.#####.#.###
#.# ... #.##....#.#.# #.#
...! #.##.####.#.####.#
..... #@##.#...........#
......##Z##.#.##.########
......'.....#.##...†...##
......##.####.########(##
..... #.####.# #..... ####
#......###########
########.....#....
#.###.#.### #.#..<#)# #


You could see a worker ant zombie.

Vanquished Creatures
  3 dart slugs (D:1)
  A leopard gecko (D:1)
  3 bats (D:1)
  A giant cockroach (D:2)
  3 goblins
  6 hobgoblins (D:1)
  4 jackals (D:1)
  A ball python (D:2)
  A frilled lizard (D:1)
  8 kobolds
  A rat (D:1)
32 creatures vanquished.

Vanquished Creatures (others)
  31 plants (D:1)
31 creatures vanquished.

Grand Total: 63 creatures vanquished

Notes
Turn   | Place    | Note
-------+----------+-------------------------------------------
     0 | D:1      | zazu2006 the Naga Hedge Wizard began the quest for the Orb.
     0 | D:1      | Reached XP level 1. HP: 15/15 MP: 4/4
   227 | D:1      | Reached XP level 2. HP: 22/22 MP: 6/6
   723 | D:1      | Reached XP level 3. HP: 21/28 MP: 0/8
   728 | D:1      | Learned a level 3 spell: Mephitic Cloud
   732 | D:1      | Learned a level 3 spell: Conjure Flame
   735 | D:1      | Learned a level 2 spell: Blink
  2068 | D:2      | Slain by a worker ant zombie

Illustrated notes

Levels and vault maps discovered:
D:1:      roderic_crossed_star, layout_loops_ring, serial_bayou_lagoon_a
D:2:      layout_basic

Action                   || total
-------------------------++-------
Melee: Dagger            ||    66
 Cast: Magic Dart        ||    48
       Blink             ||     1
 Abil: Spit Poison       ||    13
 Stab: Sleeping          ||     1
Armor: Robe              ||     7
Dodge: Dodged            ||    44

Table legend: (Time is in decaauts)
 A = Elapsed time spent in this place.
 B = Non-inter-level travel time spent in this place.
 C = Inter-level travel time spent in this place.
 D = Time resting spent in this place.
 E = Time spent auto-exploring this place.
 F = Levels seen in this place.
 G = Mean time per level.
                   A        B        C        D        E       F      G
               +--------+--------+--------+--------+--------+-----+--------+
         Total |   2482 |   2411 |     71 |     25 |   2111 |   2 | 1241.0 |
       Dungeon |   2482 |   2411 |     71 |     25 |   2111 |   2 | 1241.0 |
               +--------+--------+--------+--------+--------+-----+--------+

Top non-repeatable levels by time:
     D:1: 1684 daAuts
     D:2: 797 daAuts
